 Dungeon Crawl Stone Soup version 0.19-a0-1195-ge0bab27 (webtiles) character file.

140 Gelly3 the Slasher (level 5, 0/38 HPs)
             Began as a Merfolk Skald on Aug 19, 2016.
             Succumbed to a kobold's poison
             ... on level 3 of the Dungeon.
             The game lasted 00:07:11 (3060 turns).

Gelly3 the Slasher (Merfolk Skald)                  Turns: 3060, Time: 00:07:12

Health: 0/38       AC:  3    Str: 12    XL:     5   Next: 23%
Magic:  6/8        EV: 11    Int: 17    God:
Gold:   121        SH:  5    Dex: 14    Spells: 3 memorised, 2 levels left

rFire  . . .     SeeInvis .     a - +0 falchion
rCold  . . .     Gourm    .     b - +0 leather armour
rNeg   . . .     Faith    .     e - +2 buckler
rPois  .         Spirit   .     (no helmet)
rElec  .         Dismiss  .     (no cloak)
rCorr  .         Reflect  .     (no gloves)
MR     .....     Harm     .     (no boots)
Stlth  +.........               (no amulet)
                                (no ring)
                                (no ring)

@: brilliant, lethally poisoned (0 -> -8), very slightly contaminated
A: change form in water, swift swim
a: no special abilities


You were on level 3 of the Dungeon.
You were hungry.

You visited 1 branch of the dungeon, and saw 3 of its levels.

You collected 121 gold pieces.

Inventory:

Hand Weapons
 a - a +0 falchion (weapon)
Missiles
 o - 3 tomahawks (quivered)
Armour
 b - a +0 leather armour (worn)
 e - a +2 buckler (worn)
   (You found it on level 1 of the Dungeon)
 n - a +0 cloak
   (You found it on level 2 of the Dungeon)
Scrolls
 i - a scroll of teleportation
 l - 3 scrolls of identify
 m - a scroll of enchant armour
Books
 c - a book of Battle
Comestibles
 d - 4 bread rations
 g - 2 meat rations


   Skills:
 - Level 2.1 Fighting
 + Level 5.7 Long Blades
 - Level 0.6 Armour
 - Level 1.3 Dodging
 - Level 2.0 Spellcasting
 - Level 3.2 Charms


You had 2 spell levels left.
You knew the following spells:

 Your Spells              Type           Power        Failure   Level  Hunger
a - Infusion              Chrm           ###.         1%          1    #......
s - Shroud of Golubria    Chrm/Tloc      ###.......   4%          2    ###....
z - Spectral Weapon       Hex/Chrm       ###.....     12%         3    ###....


Dungeon Overview and Level Annotations

Branches:
Dungeon (3/15)

Altars:
Ashenzari

Annotations:
D:3 Natasha


Message History

Ye miscast Shroud o' Golubria.
Ye be very lightly contaminated wit' residual magic.
Yer skin glows momn'tarily.
Ye be feelin' hungry.
Castin': Shroud o' Golubria Confirm wit' . or Enter, or press ? or * ta list all spells.
Space distorts slightly along a thin shroud coverin' yer body.
Re'lly walk inta a travel-'scluded area?
Natasha hisses angrily.
Natasha howls an incantation.
Natasha shimmers violently.
Thar be an op'n door 'ere.
A kobold comes inta view.
Tha kobold shouts!
Natasha barely misses ye.
Tha kobold wields a blowgun.
Tha kobold shoots a poison'd needle.
Tha poison'd needle hits ye!
Ye be poison'd.
Ye see 'ere a poison'd needle.
Ye hit Natasha.
Natasha be moderately wounded.
Ye feel sick.
Natasha casts a spell at ye.
Tha magic dart hits ye!
Tha kobold shoots a poison'd needle.
Tha poison'd needle hits ye.
Ye be more poison'd.
Ye block Natasha's attack.
Ye hit Natasha.
Natasha be moderately wounded.
Ye feel sick.
Tha kobold shoots a poison'd needle.
Tha poison'd needle hits ye!
Ye be more poison'd.
Natasha barely misses ye.
Ye feel sick.
Tha kobold shoots a poison'd needle.
Ye block tha poison'd needle.
Natasha closely misses ye.
Ye riposte.
Ye hit Natasha.
Natasha be heavily wounded.
Ye see 'ere a poison'd needle.
Yer shroud begins ta fray at tha edges.
Ye feel sick.
Natasha mumbles some strange words.
Thar be an op'n door 'ere.
Ye feel sick.
Yer shroud bends Natasha's attack away.
Ye see 'ere a poison'd needle.
Ye feel sick.
Thar be an op'n door 'ere.
Ye hit tha iron imp.
Tha iron imp be moderately wounded.
Ye feel sick.
Ye block tha iron imp's attack.
Natasha mumbles some strange words.
Ye barely miss tha iron imp.
Tha iron imp be moderately wounded.
Ye feel sick.
Yer shroud bends tha iron imp's attack away!
Ye hit tha iron imp but do nay damage.
Tha iron imp be moderately wounded.
Ye feel sick.
Tha crimson imp lashes its tail.
Tha iron imp hits ye!
Ye ar'n't carryin' any items tha ye can evoke.
As ye read tha scroll labeled NYSTYF DYIRGHIN CIA, it crumbles ta dust.
Ye feel strangely unst'ble.
It was a scroll o' teleportation.
Yer shroud unravels.
Ye feel sick.
Unknown command.
Ye feel sick.
Natasha wildly gestures.
Ye feel disoriented.
Unknown command.
Ye feel sick.
Yer surroundin's sudd'nly seem different.
Ye feel sick.
Tha kobold shoots a poison'd needle.
Tha poison'd needle hits ye.
Ye be leth'lly poison'd!
Ye see 'ere a poison'd needle.
Ye close tha door.
* * * LOW HITPOINT WARNIN'
* * * Ye feel sick.
It was a potion o' brilliance.
Ye feel cle'er all o' a sudd'n.
* * * LOW HITPOINT WARNIN'
* * * Ye feel sick.
An iron imp opens tha door.
As ye read tha scroll labeled AMUC ALAKOMNINK, it crumbles ta dust.
Ye smell coffee.
It was a scroll o' random uselessness.
* * * LOW HITPOINT WARNIN'
* * * Ye feel sick.
Blink ta where?
Press: ? - help, Dir - move target cursor As ye read tha scroll labeled PIUQEABBISM, it crumbles ta dust.
It was a scroll o' blinkin'.
* * * LOW HITPOINT WARNIN'
* * * Ye feel sick.
Tha iron imp grins evilly.
As ye read tha scroll labeled REIQYL FESOUPN, it crumbles ta dust.
It be a scroll o' identify.
m - a scroll o' enchant armour Natasha casts a spell at ye.
Tha magic dart hits ye!
* * * LOW HITPOINT WARNIN'
* * * Ye ar'n't carryin' any items tha ye can evoke.
Ye ar'n't carryin' any potions.
Okay, than.
Ye die...

#.# #<.### #.# #....# ####.#
# ##.#.# .....###.###†#.#
##.###.......#.. #.#
#.#.##..#### #.# #..# #.#
#..####### ###### #.#
#.....@..# #.....
#.########.######.######
#.####
#........#.....##.##...# #.#
########.#####.##h##...##+#.#
#.# #.##K##.....)..#
#.#####.##5##........#
#.............(......#
########......##.....†.#
#........####+###...


There were no monsters in sight!

Vanquished Creatures
  6 adders
  A gnoll (D:1)
  An ooze (D:2)
  3 dart slugs
  3 giant geckos
  An orc (D:3)
  A giant cockroach (D:3)
  5 goblins
  5 hobgoblins
  10 jackals
  3 quokkas
  7 bats
  4 giant newts
  5 kobolds
  9 rats
64 creatures vanquished.

Notes
Turn   | Place    | Note
-------+----------+-------------------------------------------
     0 | D:1      | Gelly3 the Merfolk Skald began the quest for the Orb.
     0 | D:1      | Reached XP level 1. HP: 16/16 MP: 3/3
    23 | D:1      | Reached XP level 2. HP: 12/22 MP: 0/5
    25 | D:1      | Reached skill level 3 in Long Blades
    36 | D:1      | HP: 5/22 [rat (2)]
   747 | D:1      | Reached XP level 3. HP: 18/27 MP: 6/6
  1173 | D:1      | Reached skill level 4 in Long Blades
  1290 | D:2      | Learned a level 2 spell: Shroud of Golubria
  1294 | D:2      | Learned a level 3 spell: Spectral Weapon
  1321 | D:2      | Found a shattered altar of Ashenzari.
  1338 | D:2      | Reached XP level 4. HP: 16/33 MP: 0/7
  1583 | D:2      | Reached skill level 5 in Long Blades
  1731 | D:2      | HP: 8/33 [poisoned by an adder]
  1737 | D:2      | HP: 7/33 [poisoned by an adder]
  1745 | D:2      | HP: 6/33 [poisoned by an adder]
  2546 | D:3      | Reached XP level 5. HP: 35/38 MP: 8/8
  2697 | D:3      | HP: 9/38 [poisoned by an adder]
  2705 | D:3      | HP: 8/38 [poisoned by an adder]
  3033 | D:3      | Noticed Natasha
  3056 | D:3      | HP: 9/38 [poisoned by a kobold]
  3059 | D:3      | HP: 1/38 [Natasha/magic dart (7)]
  3060 | D:3      | Succumbed to a kobold's poison

Vault maps used:
D:1:      minmay_arrival_four_houses
D:2:      ashenzari_altar_1
D:3:      first_bread, uniq_natasha, uniq_sigmund

Skill      XL: |  1  2  3  4 |
---------------+-------------+-----
Long Blades    | 3 4 5 |  5.7
Fighting       | |  2.1
Armour         | |  0.6
Dodging        | |  1.3
Spellcasting   | |  2.0
Charms         | |  3.2

Action                   |  1- 3 |  4- 6 || total
-------------------------+-------+-------++-------
Melee: Falchion          |   146 |   164 ||   310
Throw: Tomahawk          |       |     5 ||     5
 Cast: Infusion          |     2 |       ||     2
       Shroud of Golubri |     1 |     6 ||     7
  Use: Potion            |       |     2 ||     2
       Scroll            |       |     4 ||     4
  Eat: Chunk             |     1 |     7 ||     8
Armor: Leather armour    |    30 |    27 ||    57
Dodge: Dodged            |    77 |    79 ||   156
Block: Buckler           |    23 |    45 ||    68

Vault maps used:
D:1:      minmay_arrival_four_houses
D:2:      ashenzari_altar_1
D:3:      first_bread, uniq_natasha, uniq_sigmund

Table legend:
 A = Turns spent in this place as a percentage of turns spent in the entire game.
 B = Non-inter-level travel turns spent in this place as a percentage of non-inter-level travel turns spent in the entire game.
 C = Inter-level travel turns spent in this place as a percentage of turns spent in this place.
 D = Turns resting spent in this place as a percentage of non-inter-level travel turns spent in this place.
 E = Turns spent auto-exploring this place as a percentage of non-inter-level travel turns spent in this place.
 F = Non-inter-level travel turns spent in this place divided by the number of levels of this place that you've seen.
                   A       B       C       D       E      F
               +-------+-------+-------+-------+-------+----------------------
         Total | 100.0 | 100.0 |   0.3 |   5.9 |   7.7 | 237.3
       Dungeon | 100.0 | 100.0 |   0.3 |   5.9 |   7.7 | 237.3
               +-------+-------+-------+-------+-------+----------------------

Table legend:
 A = Kills in this place as a percentage of kills in entire the game.
 B = Kills by you in this place as a percentage of kills by you in the entire game.
 C = Kills by friends in this place as a percentage of kills by friends in the entire game.
 D = Other kills in this place as a percentage of other kills in the entire game.
 E = Experience gained in this place as a percentage of experience gained in the entire game.
 F = Experience gained in this place divided by the number of levels of this place that you have seen.
                   A       B       C       D       E      F
               +-------+-------+-------+-------+-------+----------------------
         Total | 100.0 | 100.0 |  -nan |  -nan | 100.0 |  67.0
       Dungeon | 100.0 | 100.0 |  -nan |  -nan | 100.0 |  67.0
               +-------+-------+-------+-------+-------+----------------------
